 Dungeon Crawl Stone Soup version 0.30-a0-939-gc8157cb160 (webtiles) character file.

Game seed: 10490198477004855640

199 Iniera the Twirler (level 5, -8/41 HPs)
             Began as a Demonspawn Gladiator on Mar 25, 2023.
             Killed from afar by Ijyb (17 damage)
             ... with a bolt of dispelling energy
             ... on level 3 of the Dungeon.
             The game lasted 00:04:02 (2715 turns).

Iniera the Twirler (Demonspawn Gladiator)           Turns: 2715, Time: 00:04:02

Health: -8/41      AC:  3    Str: 16    XL:     5   Next: 48%
Magic:  0/5        EV: 12    Int: 10    God:
Gold:   112        SH:  4    Dex: 14    Spells: 4/4 levels left

rFire   . . .      SeeInvis .    a - +0 quarterstaff
rCold   . . .      Faith    .    (shield currently unavailable)
rNeg    . . .      Spirit   +    b - +0 leather armour
rPois   .          Reflect  .    (helmet restricted)
rElec   .          Rampage  .    (no cloak)
rCorr   .                        (no gloves)
Will    .....                    (no boots)
Stlth   +                        o - amulet of guardian spirit
HPRegen 0.26/turn                n - ring of flight
MPRegen 0.09/turn                (no ring)

@: flying
A: antennae 1, condensation shield
a: no special abilities


You were on level 3 of the Dungeon.
You visited 1 branch of the dungeon, and saw 3 of its levels.

You collected 112 gold pieces.

Inventory:

Hand Weapons
 a - a +0 quarterstaff (weapon)
Missiles
 d - 2 throwing nets (quivered)
 e - a javelin
Armour
 b - a +0 leather armour (worn)
Jewellery
 k - a ring of wizardry
 n - a ring of flight (left hand)
 o - an amulet of guardian spirit (around neck)
Wands
 p - a wand of roots (6)
Scrolls
 i - a scroll of amnesia
 l - a scroll of magic mapping
Potions
 c - a potion of berserk rage {unknown}
 f - a potion of flight {unknown}
 g - 2 potions of brilliance {unknown}
 h - 3 potions of mutation {unknown}
 j - 3 potions of cancellation {unknown}
 m - a potion of magic {unknown}
 q - a potion of ambrosia {unknown}


   Skills:
 + Level 3.2 Fighting
 * Level 5.0 Staves
 - Level 1.7 Throwing
 - Level 2.6 Dodging
 + Level 1.2 Invocations


You had 4 spell levels left.
You didn't know any spells.
Your spell library contained the following spells:

 Spells                   Type           Power      Damage    Failure   Level
 Cigotuvi's Dreadful Rot  Necr/Pois/Air  0%         N/A       56%         2
 Poisonous Vapours        Pois/Air       0%         N/A       56%         2
 Mephitic Cloud           Conj/Pois/Air  0%         N/A       80%         3


Dungeon Overview and Level Annotations

Branches:
Dungeon (3/15)

Altars:

Annotations:
D:3 Ijyb


Innate Abilities, Weirdness & Mutations

You have a pair of small antennae on your head.
A meltable shield of frost defends you. (SH +4)


Message History

You thump the orc!
You kill the orc!
No target in view!
No target in view!
No target in view!
No target in view!
No target in view!
k - a ring of wizardry;
q - a lumpy silvery potion
Things that are here:
a +0 hand axe; a +0 leather armour A rat comes into view.
Found 4 stones.
Ijyb the Twisted Goblin comes into view.
She is wielding a +0 club and carrying a wand of quicksilver (10).
Found a whip.
Ijyb shouts!
Ijyb zaps a wand.
The bolt of dispelling energy hits you!
You hit the rat.
The rat is severely wounded.
The rat closely misses you.
Ijyb zaps a wand.
The bolt of dispelling energy hits you!
You thump the rat!
You kill the rat!
You barely miss Ijyb.
Ijyb zaps a wand.
The bolt of dispelling energy hits you!
* * * LOW HITPOINT WARNING * * *
Ijyb is nearby!
Ijyb is nearby!
You are too injured to fight recklessly!
Throw: 3 throwing nets
Press: ? - help, Shift-Dir - straight line, f - Ijyb
Aim: Ijyb, wielding a +0 club, wearing a +0 chain mail and carrying a wand of quicksilver (7) (59% to hit)
You throw a throwing net. The throwing net hits Ijyb.
Ijyb is caught in the net!
Ijyb struggles against the net.
Okay, then.
You hit Ijyb but do no damage.
Ijyb struggles against the net.
You hit Ijyb.
Ijyb is lightly wounded.
Ijyb zaps a wand.
The bolt of dispelling energy hits you!!
You die...

..##...###...##..##.#.#..........
.## .#.# #.# ##.###.##..###.####
.###...# #...###.###.##..# #.# #
....# .. #.....##.##..###.####
..#.# .# #.#..................
..†)##.# #....###.##.#########
.###).#. #..###.# #.##.# #
.#...#.# #.# #.# #.##.#########
†###..#.#. #@# #.##..........
....##.#.# #..g†# ###########
..#.# #.#.# #.#... # ....# ...# #
..... # .###...#.#. ###.... # .#
#.# # #..... # ..# # ....(.# #
#... )...### # .##.. #


You could see Ijyb (caught).

Vanquished Creatures
  An orc priest (D:3)
  An orc wizard (D:3)
  3 gnolls
  5 adders
  2 dart slugs (D:2)
  4 orcs
  5 ball pythons
  5 endoplasms
  2 goblins
  5 hobgoblins (D:2)
  3 jackals (D:1)
  6 quokkas
  8 bats
  2 frilled lizards
  7 kobolds
  8 rats
67 creatures vanquished.

Notes
Turn   | Place    | Note
-------+----------+-------------------------------------------
     0 | D:1      | Iniera the Demonspawn Gladiator began the quest for the
                  | Orb.
     0 | D:1      | Reached XP level 1. HP: 16/16 MP: 1/1
    92 | D:1      | Reached skill level 3 in Staves
   517 | D:1      | Gained mutation: A meltable shield of frost defends you.
                  | (SH +4) [demonic ancestry]
   517 | D:1      | Reached XP level 2. HP: 21/22 MP: 2/2
  1111 | D:1      | Gained mutation: You have a pair of small antennae on your
                  | head. [demonic ancestry]
  1111 | D:1      | Reached XP level 3. HP: 8/27 MP: 3/3
  1325 | D:2      | Reached skill level 4 in Staves
  1696 | D:2      | Reached XP level 4. HP: 29/34 MP: 4/4
  2327 | D:3      | Reached XP level 5. HP: 33/41 MP: 5/5
  2561 | D:3      | Reached skill level 5 in Staves
  2561 | D:3      | Reached skill level 1 in Invocations
  2709 | D:3      | Noticed Ijyb
  2715 | D:3      | Killed from afar by Ijyb

Illustrated notes

Levels and vault maps discovered:
D:1:      psy_arrival_dodecagon, layout_basic
D:2:      layout_basic, nrook_loot_triangle, minmay_pentomino_v4
D:3:      layout_loops_ring, minmay_starry_boxes, uniq_ijyb

Skill      XL: |  1  2  3  4  5 |
---------------+----------------+-----
Staves         | 3 4 5 |  5.0
Fighting       | 3 |  3.2
Invocations    | 1 |  1.2
Throwing       | |  1.7
Dodging        | |  2.6

Action                     |  1- 3 |  4- 6 || total
---------------------------+-------+-------++-------
  Melee: Quarterstaff      |   104 |   111 ||   215
  Throw: Throwing net      |       |     1 ||     1
    Use: Scroll            |       |     3 ||     3
   Stab: Sleeping          |     3 |       ||     3
 Armour: Leather armour    |    29 |    17 ||    46
  Dodge: Dodged            |    68 |    58 ||   126
  Block: Other             |    11 |    17 ||    28

Table legend: (Time is in decaauts)
 A = Elapsed time spent in this place.
 B = Non-inter-level travel time spent in this place.
 C = Inter-level travel time spent in this place.
 D = Time resting spent in this place.
 E = Time spent auto-exploring this place.
 F = Levels seen in this place.
 G = Mean time per level.
                   A        B        C        D        E       F      G
               +--------+--------+--------+--------+--------+-----+--------+
         Total |   2735 |   2639 |     96 |    142 |   1995 |   3 |  911.7 |
       Dungeon |   2735 |   2639 |     96 |    142 |   1995 |   3 |  911.7 |
               +--------+--------+--------+--------+--------+-----+--------+

Top non-repeatable levels by time:
     D:1: 1182 daAuts
     D:2: 1047 daAuts
     D:3: 506 daAuts
